 Dungeon Crawl Stone Soup version 0.30-a0-782-ge64f9170bb (webtiles) character file.

Game seed: 9312551786002862190

1958 Dirtsage the Covert (level 9, -2/57 (61) HPs)
             Began as an Octopode Gladiator on Feb 23, 2023.
             Was an Elder of Cheibriados.
             Slain by a wight
             ... wielding a +3 great sword
              (14 damage)
             ... on level 7 of the Dungeon.
             The game lasted 00:13:50 (6155 turns).

Dirtsage the Covert (Octopode Gladiator)            Turns: 6155, Time: 00:13:51

HP:   -2/57 (61)    AC:  5    Str: 22    XL:     9   Next: 19%
MP:   13/13         EV: 14    Int: 21    God:    Cheibriados [****..]
Gold: 470           SH:  5    Dex: 25    Spells: 5/8 levels left

rFire   + . .      SeeInvis +      - Unarmed
rCold   . . .      Faith    .    s - +0 buckler
rNeg    . . .      Spirit   .    a - +0 hat
rPois   .          Reflect  .    j - amulet of magic regeneration
rElec   .          Harm     .    d - +4 ring of protection
rCorr   .          Rampage  .    F - ring of protection from fire
Will    .....                    S - ring of see invisible
Stlth   +++++                    (no ring)
HPRegen 0.29/turn                (no ring)
MPRegen 0.53/turn                (no ring)
                                 (no ring)
                                 (no ring)

@: drained, very slow
A: almost no armour, amphibious, 8 rings, camouflage 1, gelatinous body 1,
(nimble swimmer 1), tentacles
a: Renounce Religion, Bend Time, Temporal Distortion, Slouch


You were on level 7 of the Dungeon.
You worshipped Cheibriados.
Cheibriados was greatly pleased with you.
You visited 2 branches of the dungeon, and saw 10 of its levels.
You also visited: Sewer.

You collected 470 gold pieces.

Inventory:

Missiles
 b - 2 throwing nets (quivered)
 c - a javelin
Armour
 a - a +0 hat (worn)
 s - a +0 buckler (worn)
Magical Staves
 f - a staff of conjuration
Jewellery
 d - a +4 ring of protection (left tentacle)
 j - an amulet of magic regeneration (around mantle)
 F - a ring of protection from fire (right tentacle)
 S - a ring of see invisible (on tentacle)
Wands
 m - a wand of paralysis (12)
Scrolls
 e - 3 scrolls of enchant weapon {unknown}
 g - 3 scrolls of identify {unknown}
 p - a scroll of enchant armour {unknown}
 q - 2 scrolls of vulnerability {unknown}
 t - 3 scrolls of teleportation
 u - 2 scrolls of poison {unknown}
 v - 2 scrolls of fear {unknown}
 w - 5 scrolls of noise {unknown}
 y - a scroll of summoning {unknown}
 B - 4 scrolls of blinking
Potions
 h - 2 potions of attraction {unknown}
 i - 2 potions of heal wounds {unknown}
 k - 4 potions of haste {unknown}
 l - 3 potions of curing {unknown}
 n - 7 potions of flight
 o - a potion of resistance {unknown}
 r - 2 potions of cancellation {unknown}
 x - 2 potions of magic {unknown}
 z - 3 potions of might {unknown}
 A - 2 potions of invisibility {unknown}


   Skills:
 + Level 5.1 Fighting
 - Level 2.0 Throwing
 - Level 3.0 Dodging
 + Level 8.1 Stealth
 + Level 7.3 Unarmed Combat
 + Level 6.3 Invocations


You had 5 spell levels left.
You knew the following spells:

 Your Spells              Type           Power      Damage    Failure   Level
x - Stone Arrow           Conj/Erth      0%         3d7       58%         3

Your spell library contained the following spells:

 Spells                   Type           Power      Damage    Failure   Level
 Kiss of Death            Conj/Necr      0%         2d5       24%         1
 Sandblast                Erth           0%         2d4       24%         1
 Shock                    Conj/Air       0%         1d3       24%         1
 Passwall                 Tmut/Erth      0%         N/A       36%         2
 Confusing Touch          Hex            0%         N/A       58%         3
 Ozocubu's Armour         Ice            0%         N/A       58%         3
 Swiftness                Air            0%         N/A       58%         3
 Airstrike                Air            0%         2d(0-16)  94%         4
 Dispel Undead            Necr           0%         3d6       94%         4
 Iskenderun's Battlesphe  Conj           0%         2d6       100%        5
 Iron Shot                Conj/Erth      0%         9d1       100%        6
 Ozocubu's Refrigeration  Ice            0%         4d7       100%        7
 Spellforged Servitor     Conj/Summ      0%         N/A       100%        7


Dungeon Overview and Level Annotations

Branches:
Dungeon (9/15)             Temple (1/1) D:6           Sewer (visited)
   Lair: D:8-11         Orc: D:9-12

Altars:
Ashenzari
Cheibriados
Dithmenos
Elyvilon
Fedhas
Hepliaklqana
Kikubaaqudgha
Makhleb
Ru
Trog
Uskayaw
Wu Jian
Yredelemnul
Zin
The Shining One

Shops:
D:3 (

Annotations:
D:7 3 runed translucent doors, jujucrawl's ghost, novice TrGl
D:8 Grum


Innate Abilities, Weirdness & Mutations

You cannot wear most types of armour.
You are amphibious.
You can wear up to eight rings at the same time.
Your skin changes colour to match your surroundings (Stealth+).
Your rubbery body absorbs attacks. (AC +1, EV +1)
((You are camouflaged when in or above water. (Stealth+)))
You have tentacles for arms and can constrict up to eight enemies at once.


Message History

An orc wizard and 2 orcs come into view.
Found a scroll labelled ECWUGACIEPT.
Found a stone staircase leading up and a stone staircase leading down.
The orc wizard shouts!
The orc shouts!
There is a stone staircase leading up here.
A goblin comes into view.
The goblin shouts!
The orc shouts!
You bludgeon the orc!
You kill the orc!
Cheibriados thoroughly appreciates the change of pace.
The goblin throws a boomerang.
The boomerang hits you.
You take 2 damage, and have 42/60 hp.
You tentacle-slap the orc wizard. Your grab misses the orc wizard.
The orc wizard is heavily wounded.
The orc wizard hits you but does no damage.
You bludgeon the orc wizard! Your grab misses the orc wizard.
You tentacle-slap the orc wizard.
You kill the orc wizard!
Cheibriados appreciates the change of pace.
A goblin comes into view.
The wight hits you with a +3 great sword!!
You feel drained.
* * * LOW HITPOINT WARNING * * *
You take 27 damage, and have 15/57 hp.
MASSIVE DAMAGE!!
The orc barely misses you.
You climb upwards.
Level annotation: 3 runed translucent doors, jujucrawl's ghost, novice TrGl
There is a stone staircase leading down here.
The orc attacks as you move away! The orc closely misses you.
The wight misses you. The orc misses you. The wight attacks as you move away!
The wight barely misses you.
You tentacle-slap the wight. Your grab misses the wight. You squeeze the wight.
The wight is moderately damaged.
The wight hits you with a +3 great sword.
* * * LOW HITPOINT WARNING * * *
You take 6 damage, and have 11/57 hp.
You bludgeon the wight! Your grab misses the wight.
The wight is severely damaged.
The wight hits you with a +3 great sword!
You die...

.#....#..## #)..#...## .)#..#...#
####### #.#.#.#.## #####......
#.##.##.# ######..........
##.###.## #....#..........
#.####.# #....#.......... ###
#[## #####>...+...)......
######### ##..@zo........).....
........#####..#######...........
.#####.........# ### #...######..
.# #.........#######...#....#..
.# #...........'_'.....'....#..
.## #.........###+###...#..###..
..# #########.# #.# #.######....
..# #..# #.###.###......'.... ..#
#..# #..............#....


You could see a wight and an orc.

Vanquished Creatures
  Eustachio (D:4)
  2 steam dragons
  A black bear (D:6)
  An ice beast (D:5)
  2 centaurs
  A kobold brigand (D:7)
  A bullfrog (D:7)
  2 necrophages (D:6)
  2 scorpions
  A wight (D:8)
  A killer bee (D:7)
  A howler monkey (D:7)
  3 hounds
  A gnoll bouda (D:5)
  2 orc priests
  A jelly (D:6)
  6 iguanas
  An orc wizard (D:8)
  Robin (D:4)
  3 gnolls (D:5)
  2 river rats (Sewer)
  12 adders
  2 shadow imps
  A white imp (D:7)
  6 worms
  2 dart slugs
  16 orcs
  4 endoplasms
  5 giant cockroaches
  16 goblins
  8 hobgoblins
  4 jackals
  5 kobolds
  4 quokkas
  13 ball pythons
  11 bats
  4 frilled lizards
  A rat (D:2)
150 creatures vanquished.

Vanquished Creatures (others)
  A fungus (D:5)
1 creature vanquished.

Grand Total: 151 creatures vanquished

Notes
Turn   | Place    | Note
-------+----------+-------------------------------------------
     0 | D:1      | Dirtsage the Octopode Gladiator began the quest for the
                  | Orb.
     0 | D:1      | Reached XP level 1. HP: 14/14 MP: 1/1
   144 | D:1      | Reached XP level 2. HP: 19/19 MP: 2/2
   568 | D:1      | You fall into a shaft and drop 1 floor!
   863 | D:2      | Reached XP level 3. HP: 24/24 MP: 3/3
  1300 | D:3      | Found Peohab's Antique Weapon Shoppe.
  1329 | D:3      | Reached XP level 4. HP: 7/30 MP: 4/4
  1473 | D:3      | Found a snail-covered altar of Cheibriados.
  1549 | D:3      | Became a worshipper of Cheibriados the Contemplative
  1860 | D:3      | Found a faded altar of an unknown god.
  2068 | D:4      | Noticed Eustachio
  2092 | D:4      | Killed Eustachio
  2093 | D:4      | Reached skill level 5 in Unarmed Combat
  2093 | D:4      | Reached XP level 5. HP: 6/36 MP: 5/5
  2093 | D:4      | Reached XP level 6. HP: 7/42 MP: 6/6
  2363 | D:4      | Found a glowing drain.
  2378 | D:4      | Reached * piety under Cheibriados
  2392 | Sewer    | Entered a sewer
  2762 | Sewer    | Reached ** piety under Cheibriados
  3011 | D:4      | Reached skill level 1 in Invocations
  3554 | D:4      | Reached XP level 7. HP: 48/48 MP: 7/7
  3571 | D:4      | Noticed Robin
  3675 | D:4      | Killed Robin
  3676 | D:4      | Reached skill level 1 in Stealth
  3795 | D:5      | Entered Level 5 of the Dungeon
  3886 | D:5      | Reached skill level 2 in Stealth
  3953 | D:5      | Reached skill level 3 in Stealth
  3989 | D:5      | Reached *** piety under Cheibriados
  4035 | D:5      | Found a white marble altar of Elyvilon.
  4575 | D:6      | Reached skill level 4 in Stealth
  4707 | D:6      | Found a staircase to the Ecumenical Temple.
  4713 | D:6      | Reached skill level 5 in Stealth
  4713 | D:6      | Reached XP level 8. HP: 45/54 MP: 9/11
  4723 | Temple   | Entered the Ecumenical Temple
  4863 | D:6      | Reached skill level 6 in Stealth
  4947 | D:6      | Reached skill level 5 in Invocations
  5169 | D:7      | Learned a level 3 spell: Stone Arrow
  5229 | D:7      | Found a glowing silver altar of Zin.
  5395 | D:7      | Reached skill level 7 in Stealth
  5522 | D:7      | Reached **** piety under Cheibriados
  5532 | D:7      | Reached XP level 9. HP: 40/60 MP: 13/13
  5604 | D:7      | Found a runed translucent gate.
  5604 | D:7      | Found a runed translucent gate.
  5605 | D:7      | Found a runed translucent gate.
  5608 | D:7      | Noticed jujucrawl's ghost (novice TrGl)
  5608 | D:7      | Noticed a kobold demonologist
  6045 | D:8      | Reached skill level 5 in Fighting
  6054 | D:8      | Reached skill level 8 in Stealth
  6058 | D:9      | Noticed a hornet
  6139 | D:8      | Noticed Grum
  6150 | D:8      | Noticed a cyclops
  6155 | D:7      | Slain by a wight

Illustrated notes

Levels and vault maps discovered:
D:1:      psy_arrival_terrarium, layout_loops_ring, kennysheep_small_spiral
D:2:      layout_basic, grunt_decor_fettered
D:3:      layout_basic, mainiacjoe_overflow_paths,
          hellmonk_ecumenical_altar_defaced_shrine, serial_shops,
          shop_fountains, supply_closet_lemuel, interstate_on_off
D:4:      kennysheep_goblin_castle, layout_layer_cave, gup_sewer_entry_glass,
          kennysheep_generic_room_8, uniq_eustachio
D:5:      layout_basic, elyvilon_altar_1
D:6:      layout_basic, minmay_temple_entry_stoned_glass
D:7:      layout_gridville, lemuel_doored_altar, gammafunk_ghost_nasty_kobolds,
          minmay_increasing_density
D:8:      layout_rooms, nicolae_qazlal_style_of_elements, enter_bailey_5,
          uniq_grum
D:9:      layout_loops_corners, gammafunk_ghost_icy, serial_shops, shop,
          dreamdust_gnoll_shepherd
Temple:   nicolae_temple_x_marks_the_god

Skill      XL: |  1  2  3  4  5  6  7  8  9 |
---------------+----------------------------+-----
Unarmed Combat | 4 5 6 7 |  7.3
Fighting       | 3 4 5 |  5.1
Invocations    | 1 4 6 |  6.3
Stealth        | 5 7 8 |  8.1
Throwing       | |  2.0
Dodging        | |  3.0

Action                     |  1- 3 |  4- 6 |  7- 9 || total
---------------------------+-------+-------+-------++-------
  Melee: Unarmed           |    51 |   127 |   150 ||   328
         Constrict         |    13 |    36 |    39 ||    88
         Tentacles         |     9 |    20 |    43 ||    72
         Punch             |     1 |     6 |    10 ||    17
  Throw: Throwing net      |     2 |       |       ||     2
  Evoke: Wand              |       |     2 |       ||     2
    Use: Scroll            |       |       |     3 ||     3
   Stab: Sleeping          |     7 |    13 |    21 ||    41
         Held in net/web   |     1 |       |       ||     1
         Paralysed         |       |     4 |       ||     4
 Armour: Skin              |     5 |    24 |    28 ||    57
  Dodge: Dodged            |    20 |    79 |   103 ||   202
  Block: Buckler           |       |    23 |    28 ||    51

Table legend: (Time is in decaauts)
 A = Elapsed time spent in this place.
 B = Non-inter-level travel time spent in this place.
 C = Inter-level travel time spent in this place.
 D = Time resting spent in this place.
 E = Time spent auto-exploring this place.
 F = Levels seen in this place.
 G = Mean time per level.
                   A        B        C        D        E       F      G
               +--------+--------+--------+--------+--------+-----+--------+
         Total |   8008 |   7770 |    238 |    221 |   6311 |  11 |  728.0 |
       Dungeon |   7358 |   7120 |    238 |    221 |   5865 |   9 |  817.6 |
        Temple |      1 |      1 |      0 |      0 |      0 |   1 |    1.0 |
         Sewer |    649 |    649 |      0 |      0 |    445 |   1 |  649.0 |
               +--------+--------+--------+--------+--------+-----+--------+

Top non-repeatable levels by time:
     D:4: 1683 daAuts
     D:7: 1355 daAuts
     D:5: 1151 daAuts
     D:3: 925 daAuts
     D:6: 827 daAuts
     D:1: 758 daAuts
   Sewer: 649 daAuts
     D:2: 476 daAuts
     D:8: 178 daAuts
  Temple: 1 daAuts
     D:9: 1 daAuts
